 Dungeon Crawl Stone Soup version 0.29.1-13-g9f3cf754e1 (webtiles) character file.

Game seed: 4731925001455238848

90 growler the Digger (level 4, -1/33 HPs)
             Began as a Demonspawn Wanderer on Feb 4, 2023.
             Killed from afar by Sigmund (7 damage)
             ... with a magic dart
             ... on level 2 of the Dungeon.
             The game lasted 00:10:14 (2468 turns).

growler the Digger (Demonspawn Wanderer)            Turns: 2468, Time: 00:10:14

Health: -1/33      AC:  7    Str: 14    XL:     4   Next: 32%
Magic:  8/8        EV: 11    Int: 19    God:
Gold:   130        SH:  0    Dex: 13    Spells: 4/8 levels left

rFire   . . .      SeeInvis .   a - +1 dagger
rCold   . . .      Faith    .   (no shield)
rNeg    . . .      Spirit   .   e - +0 robe
rPois   .          Reflect  .   (no helmet)
rElec   .          Harm     .   i - +0 cloak
rCorr   .          Rampage  .   (no gloves)
Will    .....                   (no boots)
Stlth   ++........              (no amulet)
HPRegen 0.11/turn               f - +4 ring of protection
MPRegen 0.11/turn               k - +6 ring of intelligence

@: no status effects
A: demonic guardian 1, demonic touch 1
a: no special abilities


You were on level 2 of the Dungeon.
You visited 1 branch of the dungeon, and saw 2 of its levels.

You collected 130 gold pieces.

Inventory:

Hand Weapons
 a - a +1 dagger (weapon)
Missiles
 b - an atropa-tipped dart (quivered)
 c - a datura-tipped dart
Armour
 e - a +0 robe (worn)
 i - a +0 cloak (worn)
Jewellery
 f - a +4 ring of protection (left hand)
 k - a +6 ring of intelligence (right hand)
Scrolls
 g - 2 scrolls of vulnerability {unknown}
 h - a scroll of teleportation {unknown}
 l - a scroll of noise {unknown}
 m - a scroll of brand weapon {unknown}
 n - a scroll of enchant weapon {unknown}
 o - a scroll of amnesia {unknown}
Potions
 d - 4 potions of curing
 j - a potion of flight {unknown}


   Skills:
 - Level 2.0 Fighting
 - Level 1.0 Armour
 - Level 2.6 Stealth
 + Level 2.7 Spellcasting
 + Level 3.8 Earth Magic


You had 4 spell levels left.
You knew the following spells:

 Your Spells              Type           Power      Damage    Failure   Level
a - Sandblast             Erth           34%        2d9       3%          1
b - Stone Arrow           Conj/Erth      18%        3d8       22%         3

Your spell library contained the following spells:

 Spells                   Type           Power      Damage    Failure   Level
 Shock                    Conj/Air       8%         1d3       16%         1
 Blink                    Tloc           4%         N/A       24%         2
 Lesser Beckoning         Tloc           2%         N/A       43%         3
 Swiftness                Air            2%         N/A       43%         3
 Airstrike                Air            1%         2d(1-17)  83%         4
 Manifold Assault         Tloc           2%         N/A       99%         5


Dungeon Overview and Level Annotations

Branches:
Dungeon (2/15)

Altars:

Annotations:
D:2 Sigmund


Innate Abilities, Weirdness & Mutations

A weak demonic guardian rushes to your aid.
Your touch may inflict minor irresistible damage on your foes.


Message History

r - Retreat! s - Stop attacking. g - Guard the area. f - Follow me.
Anything else - Cancel.
You shout for attention!
This spell is quite dangerous to cast!
Memorise Stone Arrow, consuming 3 spell levels and leaving 4?
You start memorising the spell.
You continue memorising. x3
You finish memorising.
Spell assigned to 'b'.
Casting: Sandblast (safe; 3% risk of failure)
Confirm with . or Enter, or press ? or * to list all spells.
Aiming: Sandblast (safe; 3% risk of failure)
Press: ? - help, Shift-Dir - straight line, f - Sigmund
Aim: Sigmund, wielding a +0 scythe and wearing a +2 robe of willpower (wandering, hasn't noticed you, 80% to hit)
The blast of sand hits Sigmund but does no damage.
Sigmund shouts!
Sigmund points at you and mumbles some strange words.
You are confused.
Sigmund casts a spell.
Sigmund flickers and vanishes!
Deactivating autopickup; reactivate with Ctrl-A.
Something hits you.
You miss something. Something hits you. Something completely misses you.
You bump into the rock wall.
You closely miss something. Your touch misses something.
You feel less confused. Something hits you.
You closely miss something. Something hits you!
A demonic guardian appears!
You closely miss something. You hit something. Your touch misses something.
Something hits you but does no damage.
You barely miss something. Something hits you.
* * * LOW HITPOINT WARNING * * *
Unknown command.
You swap places.
Something misses your ufetubus.
A magic dart appears from out of thin air!
The magic dart hits you!
You die...

...####.###.## ##.##.#.....#
...#....# #.# #.##.#.....#
.>...##.# #.# #.#........#
....###.# #.# #....#..<..#
..### #.# #.# ##..#.##.####
#..# #.# #.# ###..##.##.# ##.#
#.# #.####.......#..###### #.##
#.###....................#
#..###........5@.##.###.#.#####
##..........##...###.......#
...#..#.###....### #>..@.###
....@##.###.{### ##.....#
####.##.##...# ###.....##
###..#.##...# #.......#
##....).....#####รท##....#
#.............{...#.....#
......[.....#######.....#


You could see a friendly ufetubus (summoned).

Vanquished Creatures
  Jessica (D:2)
  An adder (D:2)
  2 worms
  4 endoplasms (D:1)
  A giant cockroach (D:2)
  7 goblins
  4 hobgoblins
  4 jackals (D:2)
  4 kobolds (D:2)
  4 quokkas
  5 ball pythons
  A frilled lizard (D:1)
  4 rats
42 creatures vanquished.

Vanquished Creatures (collateral kills)
  A bat (D:2)
1 creature vanquished.

Vanquished Creatures (others)
  4 toadstools (D:1)
4 creatures vanquished.

Grand Total: 47 creatures vanquished

Notes
Turn   | Place    | Note
-------+----------+-------------------------------------------
     0 | D:1      | growler the Demonspawn Wanderer began the quest for the
                  | Orb.
     0 | D:1      | growler set off with the following items: a +1 dagger, an
                  | atropa-tipped dart, a datura-tipped dart, a potion of
                  | curing, a +0 robe; and the following spell memorised:
                  | Sandblast; and the following spells available to memorise:
                  | Stone Arrow.
     0 | D:1      | Reached XP level 1. HP: 16/16 MP: 2/2
   212 | D:1      | Reached skill level 3 in Earth Magic
   216 | D:1      | Gained mutation: Your touch may inflict minor irresistible
                  | damage on your foes. [demonic ancestry]
   216 | D:1      | Reached XP level 2. HP: 12/22 MP: 0/4
  1228 | D:2      | Found a faded altar of an unknown god.
  1329 | D:2      | Reached XP level 3. HP: 27/27 MP: 6/6
  1334 | D:2      | Noticed Jessica
  1337 | D:2      | Killed Jessica
  1409 | D:2      | Gained mutation: A weak demonic guardian rushes to your
                  | aid. [demonic ancestry]
  1409 | D:2      | Reached XP level 4. HP: 15/33 MP: 3/7
  2111 | D:2      | Noticed Sigmund
  2448 | D:2      | Learned a level 3 spell: Stone Arrow
  2468 | D:2      | Killed from afar by Sigmund

Illustrated notes

Levels and vault maps discovered:
D:1:      ldierk_walled_garden_2, layout_loops_ring, st_stairs_3,
          amethyst_killhole
D:2:      layout_rooms, nicolae_ecumenical_pavilion, uniq_sigmund, uniq_jessica

Skill      XL: |  1  2 |
---------------+-------+-----
Earth Magic    | 3 |  3.8
Spellcasting   | 2 |  2.7
Fighting       | |  2.0
Armour         | |  1.0
Stealth        | |  2.6

Action                   |  1- 3 |  4- 6 || total
-------------------------+-------+-------++-------
Melee: Dagger            |    23 |    12 ||    35
       Touch             |     2 |     1 ||     3
 Cast: Sandblast         |    31 |    25 ||    56
 Stab: Sleeping          |     1 |       ||     1
Armor: Robe              |     5 |    12 ||    17
Dodge: Dodged            |    14 |    13 ||    27
